 Dungeon Crawl Stone Soup version 0.22-a0-402-ga933591 (webtiles) character file.

298 Mgcat the Changer (level 6, -3/43 HPs)
             Began as a Merfolk Transmuter on May 7, 2018.
             Slain by a gnoll
             ... wielding a +0 halberd
              (13 damage)
             ... on level 4 of the Dungeon.
             The game lasted 00:08:11 (3676 turns).

Mgcat the Changer (Merfolk Transmuter)              Turns: 3676, Time: 00:08:11

Health: -3/43      AC:  2    Str: 10    XL:     6   Next: 35%
Magic:  7/9        EV: 21    Int: 14    God:
Gold:   159        SH:  0    Dex: 20    Spells: 3/9 levels left

rFire    . . .     SeeInvis +     - Unarmed
rCold    . . .     Gourm    .   (shield currently unavailable)
rNeg     . . .     Faith    .   (armour currently unavailable)
rPois    x         Spirit   .   (helmet currently unavailable)
rElec    .         Reflect  .   (cloak currently unavailable)
rCorr    .         Harm     .   (gloves currently unavailable)
MR       .....     Rnd*Tele +   (boots currently unavailable)
Stlth    ++........             n - amulet of rage {+Rage, !d}
HPRegen  0.14/turn              h - ring of teleportation {+/*tele, !d}
MPRegen  0.11/turn              k - ring of see invisible {sInv, !d}

@: spider-form (expiring)
A: tiny, (change form in water), (swift swim), (stealthy swim)
a: End Transformation, Evoke Berserk Rage


You were on level 4 of the Dungeon.
You were not hungry.
You were a venomous arachnid creature.
You visited 1 branch of the dungeon, and saw 4 of its levels.

You collected 159 gold pieces.

Inventory:

Missiles
 a - 59 arrows
Armour
 b - a +0 robe (melded)
Jewellery
 h - a ring of teleportation (left front leg) {+/*tele, !d}
   (You found it on level 1 of the Dungeon)
 k - a ring of see invisible (right front leg) {sInv, !d}
   (You took it off a goblin on level 2 of the Dungeon)
 n - an amulet of rage (around neck) {+Rage, !d}
   (You found it on level 3 of the Dungeon)
 p - an uncursed ring of protection from fire {rF+, !d}
   (You found it on level 3 of the Dungeon)
Scrolls
 c - a scroll of fog
 e - 2 scrolls of teleportation
 j - a scroll of remove curse
Potions
 i - a potion of brilliance {unknown}
 m - a potion of flight
Comestibles
 d - 6 rations
 f - 2 chunks of flesh {@w0}


   Skills:
 - Level 1.1 Fighting
 - Level 2.6 Dodging
 + Level 5.2 Unarmed Combat
 - Level 2.0 Spellcasting
 + Level 5.5 Transmutations
 + Level 3.2 Poison Magic


You had 3 spell levels left.
You knew the following spells:

 Your Spells              Type           Power        Failure   Level  Hunger
a - Beastly Appendage     Tmut           ###...       9%          1    ##.....
b - Sticks to Snakes      Tmut           ###.....     12%         2    ###....
c - Spider Form           Tmut/Pois      ##........   28%         3    ####...


Dungeon Overview and Level Annotations

Branches:
Dungeon (4/15)             Temple (0/1) D:4

Altars:
Dithmenos
Nemelex Xobeh

Annotations:
D:4 Roran's ghost, amateur NaTm


Message History

Roran's ghost is lightly damaged.
Roran's ghost misses you.
A hound comes into view.
You completely miss Roran's ghost.
Roran's ghost is lightly damaged.
The hound moves out of view.
Roran's ghost completely misses you.
Okay, then.
You hit Roran's ghost.
Roran's ghost is lightly damaged.
You kill the gnoll!
The gnoll completely misses you.
You hit Roran's ghost.
Roran's ghost is moderately damaged.
Roran's ghost completely misses you. The gnoll completely misses you.
You hit Roran's ghost but do no damage.
Roran's ghost is moderately damaged.
Roran's ghost hits you but does no damage.
The gnoll closely misses you.
You barely miss Roran's ghost.
Roran's ghost is moderately damaged.
Roran's ghost barely misses you.
You hit Roran's ghost.
Roran's ghost is moderately damaged.
The gnoll barely misses you. Roran's ghost hits you.
You hit Roran's ghost but do no damage.
Roran's ghost is moderately damaged.
Your transformation has ended.
Your +0 robe unmelds from your body.
Roran's ghost barely misses you. The gnoll misses you.
You closely miss Roran's ghost.
Roran's ghost is moderately damaged.
Roran's ghost barely misses you. The gnoll misses you.
Casting: Spider Form (safe; 12% risk of failure)
Confirm with . or Enter, or press ? or * to list all spells.
You turn into a venomous arachnid creature.
Your +0 robe melds into your body.
Roran's ghost hits you!
The gnoll hits you from afar with a halberd!
Roran's ghost completely misses you.
You hit Roran's ghost but do no damage.
Roran's ghost is moderately damaged.
The gnoll hits you from afar with a halberd.
Roran's ghost barely misses you.
You hit Roran's ghost but do no damage.
Roran's ghost is moderately damaged.
The gnoll barely misses you. Roran's ghost misses you.
You hit Roran's ghost.
Roran's ghost is moderately damaged.
The gnoll completely misses you. Roran's ghost hits you!
* * * LOW HITPOINT WARNING * * *
You feel much better. Roran's ghost barely misses you.
You completely miss Roran's ghost.
Roran's ghost is moderately damaged.
The gnoll hits you from afar with a halberd.
You hit Roran's ghost.
Roran's ghost is heavily damaged.
Roran's ghost hits you! The gnoll misses you.
You hit Roran's ghost but do no damage.
Roran's ghost is heavily damaged.
Roran's ghost completely misses you. The gnoll misses you.
You hit Roran's ghost but do no damage.
Roran's ghost is heavily damaged.
Roran's ghost misses you.
You hit Roran's ghost.
Roran's ghost is heavily damaged.
The gnoll misses you. Roran's ghost misses you.
You hit Roran's ghost.
Roran's ghost is heavily damaged.
Roran's ghost completely misses you. The gnoll misses you.
You hit Roran's ghost but do no damage.
Roran's ghost is heavily damaged.
Your transformation is almost over.
Roran's ghost hits you. The gnoll barely misses you.
You hit Roran's ghost but do no damage.
Roran's ghost is heavily damaged.
Roran's ghost misses you.
You barely miss Roran's ghost.
Roran's ghost is heavily damaged.
The gnoll hits you from afar with a halberd.
Roran's ghost hits you!
* * * LOW HITPOINT WARNING * * *
You feel much better. The gnoll completely misses you.
Roran's ghost completely misses you.
You bite Roran's ghost!
Roran's ghost is severely damaged.
The gnoll closely misses you. Roran's ghost closely misses you.
You hit Roran's ghost.
Roran's ghost is severely damaged.
The gnoll barely misses you. Roran's ghost hits you!
You hit Roran's ghost.
Roran's ghost is severely damaged.
You hit Roran's ghost but do no damage.
Roran's ghost is severely damaged.
Roran's ghost misses you.
The gnoll hits you from afar with a halberd!
You closely miss Roran's ghost.
Roran's ghost is severely damaged.
Roran's ghost hits you!
* * * LOW HITPOINT WARNING * * *
The gnoll hits you from afar with a halberd!
You die...

#..........## #............,
##.....)...# ##............,
#.........# #..§§§§§§.....,
##.#.....## #...§§§§§§....,
##..##...#####...§§§§§§....,
##................§§§§§§....,
####........#######..§.§§§.§...,
##..............#######§.§§.....,
#.....###.......sWh#####.........
#.......##..######gg.###..?##...#
#....##g.##.# *#.##........,....
#...##....#[# #.....>.......,..#
#...#._...#)# #............,,,.#
#...##....#)# #............,,,,*
#....##..##.# #.....g......,,,,*
#.......##()# #......g.....,,,,,
##....###..## #............,,,,,


You could see a hound, Roran's ghost and 2 gnolls.

Vanquished Creatures
  A scorpion (D:4)
  Jessica (D:2)
  Terence (D:3)
  A worker ant (D:4)
  A hound skeleton (D:2)
  Robin (D:4)
  2 gnolls (D:4)
  6 adders
  2 oozes
  2 dart slugs (D:1)
  A leopard gecko (D:1)
  An orc (D:3)
  4 giant cockroaches
  21 goblins
  5 hobgoblins
  4 jackals (D:2)
  4 bats
  4 frilled lizards
  5 kobolds
  11 rats
78 creatures vanquished.

Notes
Turn   | Place    | Note
-------+----------+-------------------------------------------
     0 | D:1      | Mgcat the Merfolk Transmuter began the quest for the Orb.
     0 | D:1      | Reached XP level 1. HP: 15/15 MP: 3/3
    78 | D:1      | Reached skill level 3 in Transmutations
    88 | D:1      | Reached XP level 2. HP: 12/21 MP: 5/5
    92 | D:1      | Learned a level 2 spell: Sticks to Snakes
   492 | D:1      | Reached XP level 3. HP: 19/26 MP: 6/6
   497 | D:1      | Learned a level 3 spell: Spider Form
   547 | D:1      | Reached skill level 4 in Unarmed Combat
   975 | D:1      | HP: 6/26 [poisoned by an adder]
   979 | D:1      | Reached skill level 4 in Transmutations
   980 | D:1      | HP: 5/39 [poisoned by an adder]
   985 | D:1      | HP: 4/39 [poisoned by an adder]
   993 | D:1      | HP: 3/39 [poisoned by an adder]
  1236 | D:2      | Reached skill level 1 in Poison Magic
  1386 | D:2      | Reached XP level 4. HP: 16/32 MP: 7/7
  1764 | D:2      | Noticed Jessica
  1782 | D:2      | Killed Jessica
  1785 | D:2      | HP: 8/32 [poisoned by an adder]
  1791 | D:2      | HP: 6/32 [poisoned by an adder]
  1799 | D:2      | HP: 5/32 [poisoned by an adder]
  2375 | D:3      | Reached skill level 2 in Poison Magic
  2375 | D:3      | Reached XP level 5. HP: 33/37 MP: 6/8
  3082 | D:3      | Found a sparkling altar of Nemelex Xobeh.
  3089 | D:3      | Noticed Terence
  3098 | D:3      | Killed Terence
  3345 | D:4      | Found a shadowy altar of Dithmenos.
  3372 | D:4      | Reached skill level 5 in Transmutations
  3424 | D:4      | Noticed Robin
  3437 | D:4      | Reached skill level 5 in Unarmed Combat
  3459 | D:4      | Killed Robin
  3459 | D:4      | Reached XP level 6. HP: 16/43 MP: 4/9
  3470 | D:4      | Reached skill level 3 in Poison Magic
  3627 | D:4      | Noticed Roran's ghost (amateur NaTm)
  3660 | D:4      | HP: 9/43 [Roran's ghost (9)]
  3676 | D:4      | HP: 10/43 [Roran's ghost (10)]
  3676 | D:4      | Slain by a gnoll

Vault maps used:
D:1:      moated_graveyard_arrival, eino_curves_01
D:2:      uniq_jessica
D:3:      serial_glass, glass_columns_b, glass_columns_b, first_ration,
          nemelex_lonely_heart_becter, uniq_terence
D:4:      zin_angel, nicolae_qazlal_general_emergency, kennysheep_mini,
          temple_statues, nicolae_dithmenos_through_a_glass_darkly, uniq_pikel,
          uniq_menkaure, uniq_robin, uniq_edmund

Skill      XL: |  1  2  3  4  5  6 |
---------------+-------------------+-----
Transmutations | 3 4 5 |  5.5
Unarmed Combat | 4 5 |  5.2
Poison Magic   | 1 2 3 |  3.2
Fighting       | |  1.1
Dodging        | |  2.6
Spellcasting   | |  2.0

Action                   |  1- 3 |  4- 6 || total
-------------------------+-------+-------++-------
Melee: Unarmed           |   134 |   163 ||   297
       Headbutt          |     1 |     5 ||     6
       Punch             |       |     3 ||     3
 Cast: Beastly Appendage |     1 |     8 ||     9
       Sticks to Snakes  |       |     1 ||     1
       Spider Form       |       |     6 ||     6
  Use: Potion            |     1 |     2 ||     3
       Scroll            |       |     6 ||     6
 Stab: Sleeping          |     1 |     1 ||     2
       Distracted        |       |     1 ||     1
  Eat: Chunk             |       |    10 ||    10
Armor: Robe              |    12 |    18 ||    30
       Skin              |     1 |     1 ||     2
Dodge: Dodged            |    68 |   135 ||   203

Table legend:
 A = Spawn XP
 B = Non-spawn XP
 C = Spawn XP percentage of total XP
 D = Spawn monster count
 E = Non-spawn monster count
 F = Spawn count percentage of total count
 G = Total turns spent on level
                    A         B        C        D         E        F      G
               +---------+---------+-------+---------+---------+-------+---------
         Total |       0 |     426 |   0.0 |       0 |      78 |   0.0 |  3676
               +---------+---------+-------+---------+---------+-------+---------
           D:1 |       0 |      69 |   0.0 |       0 |      30 |   0.0 |  1203
           D:2 |       0 |      92 |   0.0 |       0 |      20 |   0.0 |  1163
           D:3 |       0 |      84 |   0.0 |       0 |       9 |   0.0 |  1091
           D:4 |       0 |     181 |   0.0 |       0 |      19 |   0.0 |   219
               +---------+---------+-------+---------+---------+-------+---------

Vault maps used:
D:1:      moated_graveyard_arrival, eino_curves_01
D:2:      uniq_jessica
D:3:      serial_glass, glass_columns_b, glass_columns_b, first_ration,
          nemelex_lonely_heart_becter, uniq_terence
D:4:      zin_angel, nicolae_qazlal_general_emergency, kennysheep_mini,
          temple_statues, nicolae_dithmenos_through_a_glass_darkly, uniq_pikel,
          uniq_menkaure, uniq_robin, uniq_edmund

Table legend:
 A = Turns spent in this place as a percentage of turns spent in the entire game.
 B = Non-inter-level travel turns spent in this place as a percentage of non-inter-level travel turns spent in the entire game.
 C = Inter-level travel turns spent in this place as a percentage of turns spent in this place.
 D = Turns resting spent in this place as a percentage of non-inter-level travel turns spent in this place.
 E = Turns spent auto-exploring this place as a percentage of non-inter-level travel turns spent in this place.
 F = Non-inter-level travel turns spent in this place divided by the number of levels of this place that you've seen.
                   A       B       C       D       E      F
               +-------+-------+-------+-------+-------+----------------------
         Total | 100.0 | 100.0 |   2.7 |   6.6 |  75.2 | 894.0
       Dungeon | 100.0 | 100.0 |   2.7 |   6.6 |  75.2 | 894.0
               +-------+-------+-------+-------+-------+----------------------

Table legend:
 A = Kills in this place as a percentage of kills in entire the game.
 B = Kills by you in this place as a percentage of kills by you in the entire game.
 C = Kills by friends in this place as a percentage of kills by friends in the entire game.
 D = Other kills in this place as a percentage of other kills in the entire game.
 E = Experience gained in this place as a percentage of experience gained in the entire game.
 F = Experience gained in this place divided by the number of levels of this place that you have seen.
                   A       B       C       D       E      F
               +-------+-------+-------+-------+-------+----------------------
         Total | 100.0 | 100.0 |   N/A |   N/A | 100.0 | 106.5
       Dungeon | 100.0 | 100.0 |   N/A |   N/A | 100.0 | 106.5
               +-------+-------+-------+-------+-------+----------------------
